 Dungeon Crawl Stone Soup version 0.30-a0-21-g5d08c37080 (webtiles) character file.

Game seed: 7465054513140084907

1285 Plasmagod the Grappler (level 8, -10/59 HPs)
             Began as a Black Draconian Transmuter on Aug 24, 2022.
             Was an Initiate of Ashenzari.
             Mangled by a gnoll sergeant
             ... wielding a +3 spear of freezing
              (11 damage)
             ... on level 5 of the Dungeon.
             The game lasted 00:09:23 (6380 turns).

Plasmagod the Grappler (Black Draconian Transmuter) Turns: 6380, Time: 00:09:24

Health: -10/59     AC:  6    Str: 13    XL:     8   Next: 29%
Magic:  11/11      EV: 12    Int: 16    God:    Ashenzari [......]
Gold:   262        SH:  0    Dex: 11    Spells: 8/11 levels left

rFire   . . .      SeeInvis .    w - +9 dagger "Eviscerator" {vorpal, rElec rPois rF- Will++}
rCold   + . .      Faith    .    (no shield)
rNeg    . . .      Spirit   .    (body armour unavailable)
rPois   +          Reflect  .    (helmet currently unavailable)
rElec   +          Harm     .    (no cloak)
rCorr   .          Rampage  .    (no gloves)
Will    ++...                    (boots currently unavailable)
Stlth   +.........               t - amulet of the acrobat
HPRegen 0.19/turn                b - ring of protection from cold
MPRegen 0.12/turn                k - ring of protection from fire

@: short of breath, appendages (expiring)
A: horns 2, talons 2, breathe lightning, AC +6, unfitting armour, electricity
resistance, cold-blooded
a: Breathe Lightning, End Transformation, Renounce Religion


You were on level 5 of the Dungeon.
You worshipped Ashenzari.
Ashenzari was noncommittal.
You had temporarily grown beastly horns and talons.
You visited 2 branches of the dungeon, and saw 7 of its levels.

You collected 262 gold pieces.

Inventory:

Hand Weapons
 w - the +9 dagger "Eviscerator" (weapon) {vorpal, rElec rPois rF- Will++}
   (You found it on level 5 of the Dungeon)

   It inflicts extra damage upon your enemies.
   rF:        It makes you vulnerable to fire.
   rElec:     It insulates you from electricity.
   rPois:     It protects you from poison.
   Will:      It greatly increases your willpower.
Jewellery
 b - a ring of protection from cold (left hand)
 k - a ring of protection from fire (right hand)
 t - an amulet of the acrobat (around neck)
 v - a +6 ring of intelligence
Wands
 q - a wand of paralysis (8)
 s - a wand of digging (10)
Scrolls
 c - 2 scrolls of enchant armour {unknown}
 d - a scroll of vulnerability {unknown}
 i - 8 scrolls of identify {unknown}
 j - a scroll of fog {unknown}
 l - 5 scrolls of teleportation {unknown}
 m - 2 scrolls of blinking {unknown}
 u - a scroll of fear {unknown}
 x - a scroll of silence {unknown}
 y - a scroll of acquirement {unknown}
Potions
 a - a potion of lignification
 e - 2 potions of might {unknown}
 f - a potion of flight {unknown}
 g - 4 potions of curing {unknown}
 h - a potion of attraction {unknown}
 n - a potion of berserk rage
 o - a potion of brilliance {unknown}
 p - 3 potions of heal wounds {unknown}
 r - a potion of magic {unknown}
 z - a potion of haste {unknown}


   Skills:
 - Level 1.1 Fighting
 - Level 1.7 Dodging
 + Level 10.5 Unarmed Combat
 - Level 2.0 Spellcasting
 - Level 2.0 Transmutations


You had 8 spell levels left.
You knew the following spells:

 Your Spells              Type           Power      Damage    Failure   Level
a - Beastly Appendage     Tmut           16%        N/A       9%          1
b - Wereblood             Tmut           8%         N/A       14%         2

Your spell library contained the following spells:

 Spells                   Type           Power      Damage    Failure   Level
 Scorch                   Fire           2%         2d5       30%         2
 Static Discharge         Conj/Air       1%         3-4/arc   30%         2
 Spider Form              Tmut/Pois      4%         N/A       38%         3
 Ozocubu's Armour         Ice            1%         N/A       52%         3
 Ice Form                 Ice/Tmut       4%         N/A       80%         4
 Flame Wave               Conj/Fire      1%         2d4       90%         4
 Lightning Bolt           Conj/Air       0%         1d11      99%         5
 Metabolic Englaciation   Hex/Ice        0%         N/A       99%         5
 Simulacrum               Ice/Necr       0%         N/A       100%        6
 Summon Cactus Giant      Summ           0%         N/A       100%        6
 Maxwell's Capacitive Co  Air            0%         ∞         100%        8


Dungeon Overview and Level Annotations

Branches:
Dungeon (6/15)             Temple (1/1) D:6

Altars:
Ashenzari
Cheibriados
Dithmenos
Elyvilon
Fedhas
Gozag
Hepliaklqana
Kikubaaqudgha
Makhleb
Nemelex Xobeh
Okawaru
Qazlal
Ru
Sif Muna
Trog
Uskayaw
Vehumet
Wu Jian
Xom
Yredelemnul
Zin
The Shining One

Shops:
D:5 !

Annotations:
D:2 Sigmund
D:4 exclusion: black bear


Innate Abilities, Weirdness & Mutations

You have temporarily grown beastly horns and talons.
You can breathe wild blasts of lightning.
Your glossy black scales are hard. (AC +6)
You cannot fit into any form of body armour.
You are resistant to electric shocks. (rElec)
You are cold-blooded and may be slowed by cold attacks.


Message History

The bullfrog is almost dead.
The orb of electricity engulfs the gnoll!
The gnoll is severely wounded.
The orb of electricity engulfs you! You resist.
The orb of electricity engulfs the gnoll sergeant!
The gnoll sergeant is heavily wounded.
The orb of electricity explodes!
The orb of electricity engulfs the bullfrog!!
You kill the bullfrog!
The orb of electricity engulfs the gnoll!
You kill the gnoll!
The orb of electricity engulfs you. You resist.
The orb of electricity engulfs the gnoll sergeant.
The gnoll sergeant is severely wounded.
The orb of electricity explodes!
Your transformation is almost over.
The gnoll sergeant closely misses you.
You barely miss the gnoll sergeant.
The gnoll sergeant is severely wounded.
The gnoll sergeant hits you with a +3 spear of freezing!
* * * LOW HITPOINT WARNING * * *
The gnoll sergeant freezes you.
* * * LOW HITPOINT WARNING * * *
You hit the gnoll sergeant but do no damage.
Your kick misses the gnoll sergeant.
You headbutt the gnoll sergeant, but do no damage.
The gnoll sergeant is severely wounded.
The gnoll sergeant hits you with a +3 spear of freezing.
* * * LOW HITPOINT WARNING * * *
You hit the gnoll sergeant but do no damage.
Your kick misses the gnoll sergeant. You punch the gnoll sergeant.
The gnoll sergeant is almost dead.
The gnoll sergeant hits you with a +3 spear of freezing.
* * * LOW HITPOINT WARNING * * *
You barely miss the gnoll sergeant.
You claw the gnoll sergeant, but do no damage.
Your tail-slap misses the gnoll sergeant.
The gnoll sergeant is almost dead.
The gnoll sergeant hits you with a +3 spear of freezing!
You die...

#......##.# #########
###.##.#.##.# ##...#...## ###
#.'....#.'..###.........#####..
#.'.#....'.......>.............
#.#.#.##.#####.................
##.#......# #........(........
##..###++##### ##................
...## #).....#####.......#.....##
#### ######....@†...#####.....##
...# ##...g)....# #.#####. ...#
#..........# #.# ##.. ...##
#..........# #.# #..#
....#######..........# #.###.##
.......##............#####.##..##
.....................#.....#.....
...#..#....##..............#.....
##........######........#.)....<.


You could see a gnoll sergeant.

Vanquished Creatures
  Prince Ribbit (D:6)
  A sky beast (D:6)
  2 ice beasts (D:6)
  A bullfrog (D:5)
  A necrophage (D:6)
  5 scorpions
  A jelly (D:6)
  A gnoll bouda (D:5)
  Jessica (D:3)
  2 iguanas (D:6)
  An orc wizard (D:4)
  7 gnolls
  10 adders
  An ufetubus (D:6)
  5 dart slugs
  8 orcs
  8 ball pythons
  4 bats
  3 endoplasms
  4 giant cockroaches
  8 goblins
  6 hobgoblins
  3 jackals (D:1)
  3 kobolds
  2 quokkas
  A frilled lizard (D:3)
  3 rats
93 creatures vanquished.

Notes
Turn   | Place    | Note
-------+----------+-------------------------------------------
     0 | D:1      | Plasmagod the Draconian Transmuter began the quest for the
                  | Orb.
     0 | D:1      | Reached XP level 1. HP: 16/16 MP: 3/3
   213 | D:1      | Reached XP level 2. HP: 23/23 MP: 3/5
   363 | D:1      | Reached skill level 4 in Unarmed Combat
   511 | D:1      | Reached XP level 3. HP: 28/28 MP: 3/6
  1531 | D:2      | Noticed Sigmund
  1560 | D:3      | Found a faded altar of an unknown god.
  1579 | D:3      | Reached skill level 5 in Unarmed Combat
  1579 | D:3      | Reached XP level 4. HP: 35/35 MP: 5/7
  1672 | D:3      | Found a snail-covered altar of Cheibriados.
  1672 | D:3      | Found a sparkling altar of Nemelex Xobeh.
  1672 | D:3      | Found a bloodstained altar of Trog.
  1674 | D:3      | Found a sacrificial altar of Ru.
  1674 | D:3      | Found a burning altar of Makhleb.
  1674 | D:3      | Found a blossoming altar of Fedhas.
  1676 | D:3      | Found an opulent altar of Gozag.
  1676 | D:3      | Found a shadowy altar of Dithmenos.
  1676 | D:3      | Found a shimmering blue altar of Sif Muna.
  1987 | D:3      | Noticed Jessica
  1993 | D:3      | Killed Jessica
  2522 | D:4      | Learned a level 2 spell: Wereblood
  2588 | D:4      | Reached XP level 5. HP: 36/40 MP: 6/8
  2669 | D:4      | Reached skill level 6 in Unarmed Combat
  2797 | D:4      | Identified the +1 leather armour "Fuunuw" {Harm rPois}
  2855 | D:4      | Noticed a black bear
  3928 | D:5      | Entered Level 5 of the Dungeon
  4015 | D:5      | Reached XP level 6. HP: 28/47 MP: 4/9
  4021 | D:5      | Reached skill level 7 in Unarmed Combat
  4259 | D:5      | Found a shimmering altar of Xom.
  4262 | D:5      | Identified the +9 dagger "Eviscerator" {vorpal, rElec rPois
                  | rF- Will++}
  4399 | D:5      | Found Foisoin's Distillery.
  4935 | D:6      | Reached skill level 8 in Unarmed Combat
  4935 | D:6      | Your scales start taking on a glossy black colour.
  4935 | D:6      | Reached XP level 7. HP: 50/52 MP: 8/10
  4935 | D:6      | Gained mutation: You are resistant to electric shocks.
                  | (rElec) [Black Draconian growth]
  5207 | D:6      | Noticed Prince Ribbit
  5222 | D:6      | Killed Prince Ribbit
  5223 | D:6      | Reached skill level 9 in Unarmed Combat
  5564 | D:6      | Reached XP level 8. HP: 59/59 MP: 11/11
  5750 | D:6      | Found a staircase to the Ecumenical Temple.
  5759 | Temple   | Entered the Ecumenical Temple
  5789 | Temple   | Became a worshipper of Ashenzari the Shackled
  5994 | D:6      | Reached skill level 10 in Unarmed Combat
  6379 | D:5      | HP: 1/59 [gnoll sergeant/+3 spear of freezing (2)]
  6380 | D:5      | Mangled by a gnoll sergeant

Illustrated notes

Levels and vault maps discovered:
D:1:      ebering_trefoil_twist, layout_loops_corners
D:2:      kb_forest_paths, layout_basic, minmay_quadrilaterals,
          uniq_crazy_yiuf_cottage, uniq_sigmund
D:3:      layout_loops_ring, nicolae_overflows_in_rows,
          hellmonk_ecumenical_altar_crossroads, uniq_jessica
D:4:      layout_basic, serial_park_tiny_1
D:5:      layout_rooms, old_standard_altar, serial_shops, shop_statue,
          kennysheep_generic_room_12
D:6:      layout_cave_pods, minmay_temple_entry_antechambers,
          minmay_misc_feat_iff, uniq_prince_ribbit1
Temple:   minmay_temple_bridge_abc

Skill      XL: |  1  2  3  4  5  6  7  8 |
---------------+-------------------------+-----
Unarmed Combat | 4 5 6 8 9 10 | 10.5
Fighting       | |  1.1
Dodging        | |  1.7
Spellcasting   | |  2.0
Transmutations | |  2.0

Action                   |  1- 3 |  4- 6 |  7- 9 || total
-------------------------+-------+-------+-------++-------
Melee: Unarmed           |    73 |    92 |       ||   165
       Kick              |    20 |    23 |    12 ||    55
       Headbutt          |     8 |     9 |     9 ||    26
       Tailslap          |     5 |    14 |     8 ||    27
       Punch             |       |     3 |     6 ||     9
       Dagger            |       |    14 |    65 ||    79
 Cast: Beastly Appendage |    19 |    27 |    12 ||    58
       Wereblood         |       |     1 |       ||     1
 Abil: Breathe Lightning |       |       |     5 ||     5
  Use: Potion            |       |       |     1 ||     1
 Stab: Sleeping          |     1 |     2 |       ||     3
Armor: Skin              |    29 |    16 |    16 ||    61
Dodge: Dodged            |    29 |    53 |    43 ||   125

Table legend: (Time is in decaauts)
 A = Elapsed time spent in this place.
 B = Non-inter-level travel time spent in this place.
 C = Inter-level travel time spent in this place.
 D = Time resting spent in this place.
 E = Time spent auto-exploring this place.
 F = Levels seen in this place.
 G = Mean time per level.
                   A        B        C        D        E       F      G
               +--------+--------+--------+--------+--------+-----+--------+
         Total |   6368 |   6283 |     85 |    270 |   5309 |   7 |  909.7 |
       Dungeon |   6171 |   6108 |     63 |    270 |   5148 |   6 | 1028.5 |
        Temple |    196 |    174 |     22 |      0 |    161 |   1 |  196.0 |
               +--------+--------+--------+--------+--------+-----+--------+

Top non-repeatable levels by time:
     D:6: 1580 daAuts
     D:4: 1405 daAuts
     D:1: 1029 daAuts
     D:3: 960 daAuts
     D:5: 677 daAuts
     D:2: 518 daAuts
  Temple: 196 daAuts
